 Dungeon Crawl Stone Soup version 0.17-a0-1430-g49fde19 (webtiles) character file.

97 urechis the Insei (level 4, -6/24 HPs)
             Began as a Vine Stalker Monk on June 25, 2015.
             Mangled by an orc
             ... wielding a +0 flail
              (9 damage)
             ... on level 2 of the Dungeon.
             The game lasted 00:03:18 (1407 turns).

urechis the Insei (Vine Stalker Monk)               Turns: 1407, Time: 00:03:18

Health: -6/24      AC:  3    Str: 13    XL:     4   Next: 68%
Magic:  0/5        EV: 13    Int: 10    God:
Gold:   94         SH:  0    Dex: 18    Spells: 0 memorised, 3 levels left

rFire  . . .     SeeInvis .       - Unarmed
rCold  . . .     Clarity  .     a - +0 robe
rNeg   . . .     SustAt   .     (no shield)
rPois  .         Gourm    .     j - +0 helmet
rElec  .         Spirit   +     (no cloak)
rCorr  .         Warding  .     (no gloves)
rMut   .         Stasis   .     (no boots)
MR     .....                    (no amulet)
Stlth  +++.......               (no ring)
                                (no ring)

@: lethally poisoned (-6 -> -6), not resistant to hostile enchantments, fairly
stealthy
A: fangs 2, regeneration 1, magic shield, antimagic bite, no device heal 3, rot
immunity
a: no special abilities


You were on level 2 of the Dungeon.
You were hungry.

You visited 1 branch of the dungeon, and saw 3 of its levels.

You collected 94 gold pieces.

Inventory:

Armour
 a - a +0 robe (worn)
 j - a +0 helmet (worn)
Scrolls
 g - a scroll of blinking {unknown}
 h - a scroll of immolation {unknown}
 k - 3 scrolls of remove curse {unknown}
 n - a scroll of enchant weapon {unknown}
 p - a scroll of recharging {unknown}
 r - 5 scrolls of teleportation {unknown}
 t - 2 scrolls of amnesia {unknown}
Potions
 c - a potion of cancellation {unknown}
 d - a potion of haste {unknown}
 e - a potion of cure mutation {unknown}
 m - a potion of resistance {unknown}
 q - a potion of poison {unknown}
 s - a potion of agility {unknown}
Comestibles
 b - 2 bread rations
 f - a meat ration
 i - a fruit
 l - a beef jerky
 o - a slice of pizza


   Skills:
 + Level 3.1 Fighting
 + Level 2.9 Dodging
 * Level 4.2 Stealth
 + Level 4.5 Unarmed Combat


You had 3 spell levels left.
You didn't know any spells.

Dungeon Overview and Level Annotations

Branches:
Dungeon (3/15)

Altars:
The Shining One


Innate Abilities, Weirdness & Mutations

You have extremely sharp teeth.
Your natural rate of healing is unusually fast.
When hurt, damage is shared between your health and your magic reserves.
Your bite disrupts and absorbs the magic of your enemies.
Potions and wands cannot restore your health.
You are immune to rotting.


Message History

The orc misses you. The orc hits you.
You barely miss the orc.
The orc priest shouts!
You bite the orc, but do no damage. The orc hits you. The orc hits you.
* * * LOW HITPOINT WARNING * * *
You hit the orc.
You kill the orc!
You feel sick. The orc barely misses you.
There is a stone staircase leading up here.
Things that are here:
a chain mail; a hand axe; an orc corpse The orc priest's eyes start to glow.
The orc hits you but does no damage. The orc barely misses you.
You climb upwards.
There is a stone staircase leading down here.
You closely miss the orc. Your bite misses the orc.
You feel sick. The orc hits you.
* * * LOW HITPOINT WARNING * * *
The orc hits you with a flail!
You die...

#.###.#.###..<....###.......#
#.##..#............###.....##
#.##.##.####.#####.# ##.>.##
#.##.##.# #.#####.#####.##
#.......####.##..........#
####...............#######
#..#.###........#
#####..#.###........#
................@o..#
####.#.#.###....o...# ####
#.#..............# #...
####.#..............# #.##
#.......####.#....### ######.##
#.##.##.# #(.....# ####........
#.##.##.# ###...## #.......#.##
........# #...#####.##.##.#...
..####..######...#...#.##..#.####


You could see 2 orcs.

Vanquished Creatures
  An orc wizard (D:3)
  An adder (D:2)
  An ooze (D:2)
  A worm (D:2)
  2 orcs (D:3)
  6 bats
  A giant cockroach (D:2)
  7 hobgoblins
  10 kobolds
  A quokka (D:2)
  4 giant newts
  2 goblins
  4 jackals (D:2)
  5 rats
46 creatures vanquished.

Notes
Turn   | Place    | Note
--------------------------------------------------------------
     0 | D:1      | urechis the Vine Stalker Monk began the quest for the Orb.
     0 | D:1      | Reached XP level 1. HP: 11/11 MP: 2/2
    92 | D:1      | Reached XP level 2. HP: 16/16 MP: 3/3
   620 | D:2      | Reached XP level 3. HP: 11/19 MP: 4/4
  1250 | D:2      | Reached XP level 4. HP: 24/24 MP: 5/5
  1319 | D:2      | Found a glowing golden altar of the Shining One.
  1407 | D:2      | Mangled by an orc

Vault maps used:
D:1:      onia_arrival_pentagram
D:2:      nicolae_tso_swordbearing_angel
D:3:      nicolae_qazlal_general_emergency, portal_sewer_entry_e

Action                   |  1- 3 |  4- 6 || total
-------------------------+-------+-------++-------
Melee: Unarmed           |   102 |    27 ||   129
 Stab: Sleeping          |    13 |       ||    13
       Distracted        |     1 |       ||     1
  Eat: Chunk             |     1 |       ||     1
